 Dungeon Sprint DCSS version 0.30.1-11-g7821555f0a (webtiles) character file.

Game seed: 10758269693968122758

123 Heoruswealwe the Spear-Bearer (level 4, -10/45 HPs)
             Began as a Minotaur Fighter on Nov 14, 2023.
             Was an Initiate of Gozag.
             Mangled by a two-headed ogre
             ... wielding a +0 giant club
              (20 damage)
             ... in the Dungeon (Sprint IX: "|||||||||||||||||||||||||||||").
             The game lasted 00:01:50 (141 turns).

Heoruswealwe the Spear-Bearer (Minotaur Fighter)     Turns: 141, Time: 00:01:50

Health: -10/45     AC: 16    Str: 23    XL:     4   Next: 80%
Magic:  3/3        EV: 10    Int:  5    God:    Gozag
Gold:   0          SH:  0    Dex:  9    Spells: 3/3 levels left

rFire   . . .        b - +2 halberd (venom)
rCold   . . .        (shield currently unavailable)
rNeg    . . .        c - +1 chain mail
rPois   .            (helmet restricted)
rElec   .            (no cloak)
rCorr   .            f - +0 pair of gloves
SInv    .            e - +0 pair of boots
Will    .....        (no amulet) Stlth
                     k - +2 ring of protection
HPRegen 0.27/turn    j - +2 ring of evasion
MPRegen 0.08/turn

%: no teleportation
@: no status effects
A: horns 2, retaliatory headbutt
a: Renounce Religion, Potion Petition, Call Merchant, Bribe Branch


You were in the Dungeon.
You worshipped Gozag.
Gozag was noncommittal.
You visited 1 branch

Inventory:

Hand Weapons
 a - a +0 trident
 b - a +2 halberd of venom (weapon)
Armour
 c - a +1 chain mail (worn)
 d - a +0 buckler
 e - a +0 pair of boots (worn)
 f - a +0 pair of gloves (worn)
Jewellery
 j - a +2 ring of evasion (right hand)
 k - a +2 ring of protection (left hand)
Wands
 h - a wand of iceblast (10)
Scrolls
 o - 2 scrolls of blinking
Potions
 g - a potion of haste
 i - a potion of berserk rage
 l - a potion of heal wounds
 m - 5 potions of curing
 n - a potion of might


   Skills:
 + Level 6.7 Fighting
 * Level 8.5 Polearms
 + Level 6.8 Armour
 - Level 3.6 Shields


You had 3 spell levels left.
You didn't know any spells.
Your spell library was empty.

Dungeon Overview and Level Annotations

Branches:
Dungeon (1/1)

Altars:
Cheibriados
Dithmenos
Elyvilon
Fedhas
Gozag
Hepliaklqana
Kikubaaqudgha
Makhleb
Nemelex Xobeh
Okawaru
Qazlal
Ru
Sif Muna
Trog
Uskayaw
Vehumet
Wu Jian
Xom
Yredelemnul
Zin
The Shining One
Jiyva
Lugonu


Innate Abilities, Weirdness & Mutations

You have a pair of horns on your head.
You reflexively headbutt those who attack you in melee.


Message History

Adjust (i)tems, (s)pells, or (a)bilities?
m - a +0 pair of boots (worn)
Adjust to which letter? (? for menu, Esc to quit)
e - a +0 pair of boots (worn);
m - 5 potions of curing You see here a +2 ring of protection.
n - a +2 ring of protection (left hand) Adjust (i)tems, (s)pells, or (a)bilities?
n - a +2 ring of protection (left hand) Adjust to which letter? (? for menu, Esc to quit)
k - a +2 ring of protection (left hand);
n - a potion of might You see here a +2 ring of evasion.
o - a +2 ring of evasion (right hand) Adjust (i)tems, (s)pells, or (a)bilities?
o - a +2 ring of evasion (right hand) Adjust to which letter? (? for menu, Esc to quit)
j - a +2 ring of evasion (right hand);
o - 2 scrolls of blinking You open the door.
An acid dragon, a wyvern, a troll, a gargoyle, a yak and a two-headed ogre come into view.
The acid dragon roars!
The wyvern hisses angrily.
The yak bellows!
You slash the two-headed ogre!
The two-headed ogre looks as sick as possible!
The two-headed ogre is moderately wounded.
The two-headed ogre hits you with a +0 giant club!!
The two-headed ogre hits you with a +0 giant club!
* * * LOW HITPOINT WARNING * * *
You feel much better.
You slash the two-headed ogre!
The two-headed ogre looks as sick as possible!
You headbutt the two-headed ogre!
The two-headed ogre is severely wounded.
The two-headed ogre hits you with a +0 giant club!!
* * * LOW HITPOINT WARNING * * *
The two-headed ogre hits you with a +0 giant club!
* * * LOW HITPOINT WARNING * * *
You feel much better.
The two-headed ogre hits you with a +0 giant club!
* * * LOW HITPOINT WARNING * * *
The two-headed ogre hits you with a +0 giant club!!
You die...
Your body crumbles into a pile of gold.

$
▓.▓
$
▓D▓
$ $
▓l▓
$
▓T▓
$
▓9▓
$
▓Y▓
$
▓O▓
$
▓@▓
$
▓.▓
▓.▓
$
▓.▓
▓.▓
$
▓[▓
$
▓)▓
$
▓?▓
$
▓!▓


You could see a two-headed ogre (extremely poisoned), a yak, a troll, a wyvern,
an acid dragon and a gargoyle.

Vanquished Creatures
  A phantom (D)
  An iguana (D)
  An adder (D)
  A white imp (D)
  An orc (D)
  A ball python (D)
  A giant cockroach (D)
  A goblin (D)
  A kobold (D)
  A rat (D)
10 creatures vanquished.

Notes
Turn   | Place    | Note
-------+----------+-------------------------------------------
     0 | D        | Heoruswealwe the Minotaur Fighter began the quest for the
                  | Orb.
     0 | D        | Reached XP level 1. HP: 19/19 MP: 0/0
     6 | D        | Reached skill level 3 in Polearms
    25 | D        | Noticed an iguana
    25 | D        | Noticed a phantom
    29 | D        | Reached skill level 4 in Polearms
    29 | D        | Reached XP level 2. HP: 28/28 MP: 1/1
    41 | D        | Killed a phantom
    42 | D        | Reached skill level 7 in Polearms
    42 | D        | Reached XP level 3. HP: 27/37 MP: 2/2
    42 | D        | Reached XP level 4. HP: 32/44 MP: 3/3
    56 | D        | Reached skill level 8 in Polearms
    62 | D        | Found a snail-covered altar of Cheibriados.
    62 | D        | Found a shadowy altar of Dithmenos.
    62 | D        | Found a white marble altar of Elyvilon.
    62 | D        | Found a blossoming altar of Fedhas.
    62 | D        | Found an opulent altar of Gozag.
    63 | D        | Found a hazy altar of Hepliaklqana.
    64 | D        | Found a viscous altar of Jiyva.
    65 | D        | Found an ancient bone altar of Kikubaaqudgha.
    66 | D        | Found a corrupted altar of Lugonu.
    67 | D        | Found a burning altar of Makhleb.
    68 | D        | Found a sparkling altar of Nemelex Xobeh.
    69 | D        | Found an iron altar of Okawaru.
    70 | D        | Became a worshipper of Gozag Ym Sagoz the Greedy
    71 | D        | Found a stormy altar of Qazlal.
    72 | D        | Found a sacrificial altar of Ru.
    73 | D        | Found a shimmering blue altar of Sif Muna.
    74 | D        | Found a bloodstained altar of Trog.
    75 | D        | Found a hide-covered altar of Uskayaw.
    76 | D        | Found a radiant altar of Vehumet.
    77 | D        | Found an ornate altar of the Wu Jian Council.
    78 | D        | Found a shimmering altar of Xom.
    79 | D        | Found a basalt altar of Yredelemnul.
    80 | D        | Found a glowing silver altar of Zin.
    81 | D        | Found a glowing golden altar of the Shining One.
   137 | D        | Noticed an acid dragon
   137 | D        | Noticed a wyvern
   137 | D        | Noticed a troll
   137 | D        | Noticed a gargoyle
   137 | D        | Noticed a yak
   137 | D        | Noticed a two-headed ogre
   141 | D        | Mangled by a two-headed ogre

Illustrated notes

Levels and vault maps discovered:
D:        linesprint [early_d, line_temple, items_1, d_10, items_2, lair_1,
          lair_end, items_3, orc_1, orc_end, items_4, d_15, swamp_1, shoals_1,
          snake_1, spider_1, d_20, vaults_1, items_5, swamp_end, shoals_end,
          snake_end, spider_end, vaults_end, d_27, items_6, zot_1, zot_end,
          crypt_end, forest_end, elf_end, slime_end, tomb_end, abyss_end,
          pan_hell_end]

Skill      XL: |  1  2  3  4 |
---------------+-------------+-----
Polearms       | 4 7 8 |  8.5
Fighting       | 4 6 |  6.7
Armour         | 4 6 |  6.8
Shields        | |  3.6

Action                     |  1- 3 |  4- 6 || total
---------------------------+-------+-------++-------
  Melee: Trident           |    24 |    14 ||    38
         Headbutt          |     2 |     3 ||     5
         Halberd           |       |     2 ||     2
    Use: Potion            |       |     2 ||     2
 Armour: Scale mail        |     6 |     4 ||    10
  Dodge: Dodged            |     5 |     4 ||     9
  Block: Buckler           |     3 |     1 ||     4
